 Dungeon Crawl Stone Soup version 0.28.0-47-ge53b351184 (webtiles) character file.

Game seed: 6854613261659746277

119 Peloso the Covered (level 4, 0/41 HPs)
             Began as a Minotaur Fighter on Apr 29, 2022.
             Killed from afar by Natasha (3 damage)
             ... with a magic dart
             ... on level 2 of the Dungeon.
             The game lasted 00:02:18 (1469 turns).

Peloso the Covered (Minotaur Fighter)               Turns: 1469, Time: 00:02:19

Health: 0/41       AC:  8    Str: 21    XL:     4   Next: 74%
Magic:  3/3        EV:  6    Int:  5    God:
Gold:   39         SH: 13    Dex: 11    Spells: 3/3 levels left

rFire   . . .      SeeInvis .   a - +1 long sword
rCold   . . .      Faith    .   g - +1 tower shield
rNeg    . . .      Spirit   .   b - +0 scale mail
rPois   .          Reflect  .   (helmet restricted)
rElec   .          Harm     .   (no cloak)
rCorr   .          Rampage  .   h - +0 pair of gloves
Will    .....                   (no boots)
Stlth   ..........              (no amulet)
HPRegen 0.13/turn               (no ring)
MPRegen 0.08/turn               (no ring)

@: slowed, very slow
A: horns 2, retaliatory headbutt
a: no special abilities


You were on level 2 of the Dungeon.
You visited 1 branch of the dungeon, and saw 2 of its levels.

You collected 39 gold pieces.

Inventory:

Hand Weapons
 a - a +1 long sword (weapon)
Armour
 b - a +0 scale mail (worn)
 c - a +0 buckler
 g - a +1 tower shield (worn)
 h - a +0 pair of gloves (worn)
Scrolls
 i - a scroll of identify {unknown}
Potions
 d - 3 potions of might
 e - a potion of curing
 f - a potion of lignification {unknown}
 j - a potion of flight {unknown}


   Skills:
 + Level 4.5 Fighting
 + Level 3.4 Long Blades
 + Level 4.7 Armour
 + Level 1.1 Dodging
 + Level 4.3 Shields


You had 3 spell levels left.
You didn't know any spells.
Your spell library was empty.

Dungeon Overview and Level Annotations

Branches:
Dungeon (2/15)

Altars:

Annotations:
D:2 Natasha


Innate Abilities, Weirdness & Mutations

You have a pair of horns on your head.
You reflexively headbutt those who attack you in melee.


Message History

A hobgoblin comes into view.
A hobgoblin is nearby!
A hobgoblin is nearby!
A hobgoblin is nearby!
The hobgoblin hits you but does no damage.
You slash the hobgoblin!
You kill the hobgoblin!
Natasha, Servant of Life and Death comes into view.
A hobgoblin comes into view.
The hobgoblin shouts!
You block the hobgoblin's attack.
You hit the hobgoblin. You headbutt the hobgoblin.
You kill the hobgoblin!
Natasha is nearby!
Natasha is nearby!
Natasha is nearby!
Natasha is nearby!
Natasha stares at you and mumbles some strange words.
The magic dart hits you!
Natasha drinks a potion.
Natasha seems to speed up.
You completely miss Natasha. Natasha casts a spell at you.
The magic dart hits you. Natasha claws you. x2
You closely miss Natasha. Natasha claws you. x2
You closely miss Natasha. You block Natasha's attack. Natasha claws you.
* * * LOW HITPOINT WARNING * * *
Natasha claws you.
* * * LOW HITPOINT WARNING * * *
You slash Natasha!
Natasha is severely wounded.
Natasha stares at you and mumbles some strange words.
You feel yourself slow down. Natasha claws you.
* * * LOW HITPOINT WARNING * * *
You closely miss Natasha.
Natasha is severely wounded.
You block Natasha's attack. Natasha claws you.
* * * LOW HITPOINT WARNING * * *
Natasha stares at you and mumbles some strange words.
The magic dart hits you.
You die...

....................#............
...........###..###############..
###..........#..#######...# #..
####.....#.#............# #..
###.....#.##...........# #..
#.........##...........# #..
#.#.....####..........#### #..
#.......#.....##.........# ###
#.#.....#.###@##.........# #
###.....#.###h##.†.......# #
#...........##.........# #
#................(.....#####
#..........###.........#....
#.......... #.........#.###
#.......... ##.......##.# #
######..... #...[...##.### ...
#........#....


You could see Natasha (fast).

Vanquished Creatures
  Jessica (D:2)
  Natasha (twice) (D:2)
  An adder (D:2)
  A worm (D:2)
  A dart slug (D:1)
  4 ball pythons
  4 bats
  2 endoplasms
  3 giant cockroaches
  A goblin (D:1)
  6 hobgoblins
  A quokka (D:1)
  A frilled lizard (D:2)
  A kobold (D:2)
  4 rats
33 creatures vanquished.

Notes
Turn   | Place    | Note
-------+----------+-------------------------------------------
     0 | D:1      | Peloso the Minotaur Fighter began the quest for the Orb.
     0 | D:1      | Reached XP level 1. HP: 19/19 MP: 0/0
   159 | D:1      | Reached XP level 2. HP: 27/27 MP: 1/1
   695 | D:2      | Noticed Jessica
   707 | D:2      | Killed Jessica
   708 | D:2      | Reached XP level 3. HP: 22/33 MP: 2/2
   839 | D:2      | Noticed Natasha
   843 | D:2      | Killed Natasha
   844 | D:2      | Reached skill level 1 in Dodging
   844 | D:2      | Reached XP level 4. HP: 28/41 MP: 3/3
   962 | D:2      | Noticed Natasha
   969 | D:2      | Killed Natasha
  1398 | D:2      | Noticed Natasha
  1469 | D:2      | Killed from afar by Natasha

Illustrated notes

Levels and vault maps discovered:
D:1:      minmay_arrival_semitransparent, layout_loops_ring
D:2:      layout_basic, uniq_jessica, uniq_natasha

Skill      XL: |  1  2  3 |
---------------+----------+-----
Shields        | 4 |  4.3
Fighting       | 4 |  4.5
Long Blades    | 3 |  3.4
Armour         | 4 |  4.7
Dodging        | 1 |  1.1

Action                   |  1- 3 |  4- 6 || total
-------------------------+-------+-------++-------
Melee: Long sword        |    41 |    43 ||    84
       Headbutt          |     7 |     4 ||    11
  Use: Scroll            |     2 |       ||     2
       Potion            |     1 |       ||     1
Armor: Scale mail        |    21 |    14 ||    35
Dodge: Dodged            |    17 |     8 ||    25
Block: Buckler           |     5 |       ||     5
       Tower shield      |    32 |    36 ||    68
